 Dungeon Crawl Stone Soup version 0.28.0-53-g5a82cb258f (webtiles) character file.

Game seed: 13264454554750490126

89 pkoi the Insei (level 4, -1/36 HPs)
             Began as a Demigod Gladiator on May 24, 2022.
             Slain by a scorpion (4 damage)
             ... on level 3 of the Dungeon.
             The game lasted 00:03:33 (4587 turns).

pkoi the Insei (Demigod Gladiator)                  Turns: 4587, Time: 00:03:34

Health: -1/36      AC:  4    Str: 15    XL:     4   Next: 10%
Magic:  6/6        EV: 12    Int: 14    God:
Gold:   107        SH:  0    Dex: 15    Spells: 3/3 levels left

rFire   . . .      SeeInvis .   i - +2 whip (venom)
rCold   + . .      Faith    .   (no shield)
rNeg    . . .      Spirit   .   a - +0 leather armour
rPois   .          Reflect  .   b - +0 helmet
rElec   .          Harm     .   (no cloak)
rCorr   .          Rampage  .   (no gloves)
Will    .....                   (no boots)
Stlth   +.........              o - amulet of regeneration
HPRegen 0.92/turn               q - ring of protection from cold
MPRegen 0.10/turn               (no ring)

@: lethally poisoned (-1 -> -16)
A: high MP 1, forlorn, divine attributes
a: no special abilities


You were on level 3 of the Dungeon.
You visited 1 branch of the dungeon, and saw 4 of its levels.

You collected 107 gold pieces.

Inventory:

Hand Weapons
 d - a +0 whip
 i - a +2 whip of venom (weapon)
 l - a +0 hunting sling of flaming
Missiles
 c - 3 throwing nets (quivered)
Armour
 a - a +0 leather armour (worn)
 b - a +0 helmet (worn)
 g - an orb of light
 h - the +1 scale mail of Beojeng {-Tele Will+++}
   (You found it on level 2 of the Dungeon)

   -Tele:     It prevents most forms of teleportation.
   Will:      It greatly increases your willpower.
Jewellery
 o - an amulet of regeneration (around neck)
 q - a ring of protection from cold (left hand)
Scrolls
 k - 3 scrolls of blinking
 m - a scroll of identify
Potions
 f - a potion of curing {unknown}
 j - a potion of invisibility {unknown}
 p - a potion of degeneration


   Skills:
 - Level 1.7 Fighting
 - Level 1.7 Throwing
 - Level 2.6 Dodging
 + Level 4.7 Unarmed Combat


You had 3 spell levels left.
You didn't know any spells.
Your spell library contained the following spells:

 Spells                   Type           Power      Damage    Failure   Level
 Iskenderun's Battlesphe  Conj           0%         2d6       100%        5
 Iron Shot                Conj/Erth      0%         9d1       100%        6
 Spellforged Servitor     Conj/Summ      0%         N/A       100%        7


Dungeon Overview and Level Annotations

Branches:
Dungeon (4/15)
 Temple: D:4-7

Shops:
D:3 =

Annotations:
D:4 Sigmund


Innate Abilities, Weirdness & Mutations

You have an increased reservoir of magic. (+10% MP)
You shall have no god before yourself.
Your divine heritage dramatically boosts your attributes as you level up.


Message History

There is a stone staircase leading down here.
You start waiting.
Done waiting.
You start waiting.
Done waiting.
You climb downwards.
Level annotation: Sigmund The scorpion closely misses you.
The orc barely misses you. The scorpion stings you.
You are poisoned.
The scorpion poisons you! The orc hits you with a +0 dagger.
There is a stone staircase leading up, spattered with blood here.
You feel sick. The scorpion stings you.
* * * LOW HITPOINT WARNING * * *
The orc hits you but does no damage.
You climb upwards.
You feel sick.
There is a stone staircase leading down here.
Unknown command.
Unknown command.
Unknown command.
You closely miss the scorpion.
You punch the scorpion, but do no damage.
You feel sick. The scorpion stings you!
* * * LOW HITPOINT WARNING * * *
The orc misses you.
You whack the scorpion!
The scorpion is heavily wounded.
You feel sick. The scorpion stings you!
* * * LOW HITPOINT WARNING * * *
You are more poisoned.
The scorpion poisons you! The orc barely misses you.
You barely miss the scorpion.
The scorpion is heavily wounded.
You feel very sick. The scorpion stings you.
* * * LOW HITPOINT WARNING * * *
You are more poisoned.
The scorpion poisons you! The orc hits you but does no damage.
The scorpion stings you.
You die...

#..............###.........
#.##...........###....)....
#.##.......................
#.##....<.......(..........
#...#.................#####
###.#......#..........#
#......(..#..........#
#........s#..........#
#.......[@#..........#
#######...o.##.....<##
#..≈§§..#......##
#.§≈≈§§.#.......#
#.≈≈≈≈≈.#.......#
#.≈≈§§≈.#.....).#
#..≈≈≈..#.......#
#⌠..∩(.⌠#.......#
#########......##


You could see a scorpion and an orc.

Vanquished Creatures
  4 adders
  A worm (D:2)
  2 dart slugs
  An orc (D:3)
  6 endoplasms
  A giant cockroach (D:2)
  6 hobgoblins
  A quokka (D:1)
  5 ball pythons
  2 bats
  3 frilled lizards
  5 goblins
  4 kobolds
  4 rats
45 creatures vanquished.

Vanquished Creatures (others)
  2 plants (D:2)
2 creatures vanquished.

Grand Total: 47 creatures vanquished

Notes
Turn   | Place    | Note
-------+----------+-------------------------------------------
     0 | D:1      | pkoi the Demigod Gladiator began the quest for the Orb.
     0 | D:1      | Reached XP level 1. HP: 17/17 MP: 3/3
   254 | D:1      | Reached skill level 3 in Unarmed Combat
   772 | D:1      | Reached XP level 2. HP: 12/24 MP: 4/4
  1350 | D:1      | You fall into a shaft and drop 1 floor!
  1440 | D:2      | Identified the +1 scale mail of Beojeng {-Tele Will+++}
  1899 | D:2      | Reached XP level 3. HP: 20/29 MP: 5/5
  2129 | D:2      | Reached skill level 4 in Unarmed Combat
  4011 | D:3      | Reached XP level 4. HP: 33/36 MP: 6/6
  4140 | D:3      | Found Ikutior's Jewellery Emporium.
  4329 | D:4      | Noticed Sigmund
  4587 | D:3      | Slain by a scorpion

Illustrated notes

Levels and vault maps discovered:
D:1:      erik_arrival_blinker_ship, layout_loops_ring,
          shapermc_ecumenical_altar_gd
D:2:      layout_loops_ring, serial_forest, infiniplex_forest_clump_small,
          infiniplex_forest_pool, infiniplex_forest_lined_3_way,
          infiniplex_forest_lined_corner, infiniplex_forest_split,
          infiniplex_forest_straight_2, infiniplex_forest_straight_3,
          infiniplex_forest_end_2, basic_altar, kennysheep_generic_room_3
D:3:      layout_rooms, grunt_dithmenos_smoke_and_mirrors, lemuel_doored_altar,
          lemuel_round_altar, serial_shops, nicolae_lakefront_shop
D:4:      layout_rooms, mainiacjoe_overflow_alcove_2,
          chequers_temple_overflow_statue_of_worship, serial_park_tiny_pond,
          roderic_lattice_a, minmay_misc_feat_columns,
          chequers_serial_rivers_large_b, minivault_24, uniq_natasha,
          uniq_sigmund, uniq_menkaure

Skill      XL: |  1  2  3 |
---------------+----------+-----
Unarmed Combat | 3 4 |  4.7
Fighting       | |  1.7
Throwing       | |  1.7
Dodging        | |  2.6

Action                   |  1- 3 |  4- 6 || total
-------------------------+-------+-------++-------
Melee: Whip              |   106 |    15 ||   121
       Unarmed           |    13 |       ||    13
       Punch             |     1 |     1 ||     2
  Use: Scroll            |       |     4 ||     4
Armor: Leather armour    |    30 |     4 ||    34
Dodge: Dodged            |    72 |    11 ||    83
